 Dungeon Crawl Stone Soup version 0.26-a0-43-g20b394cb32 (webtiles) character file.

Game seed: 12925584775644832168

17 Fv001 the Shield-Bearer (level 2, -2/24 HPs)
             Began as a Formicid Fighter on June 3, 2020.
             Killed from afar by Jessica (5 damage)
             ... with a puff of flame
             ... on level 3 of the Dungeon.
             The game lasted 00:02:03 (980 turns).

Fv001 the Shield-Bearer (Formicid Fighter)           Turns: 980, Time: 00:02:04

Health: -2/24      AC:  6    Str: 20    XL:     2   Next: 80%
Magic:  2/2        EV:  8    Int:  7    God:
Gold:   82         SH:  9    Dex: 10    Spells: 1/1 levels left

rFire    . . .     SeeInvis +   a - +0 war axe
rCold    . . .     Gourm    .   c - +0 kite shield
rNeg     . . .     Faith    .   b - +0 scale mail
rPois    .         Spirit   .   (helmet unavailable)
rElec    .         Reflect  .   (no cloak)
rCorr    .         Harm     .   (no gloves)
MR       .....                  (no boots)
Stlth    ..........             (no amulet)
HPRegen  0.08/turn              (no ring)
MPRegen  0.08/turn              (no ring)

@: no status effects
A: permanent stasis, dig shafts and tunnels, four strong arms, antennae 3
a: Dig, Shaft Self


You were on level 3 of the Dungeon.
You were not hungry.

You visited 1 branch of the dungeon, and saw 3 of its levels.

You collected 82 gold pieces.

Inventory:

Hand Weapons
 a - a +0 war axe (weapon)
Armour
 b - a +0 scale mail (worn)
 c - a +0 kite shield (worn)
Scrolls
 g - 2 scrolls of blinking {unknown}
 h - 2 scrolls of remove curse {unknown}
 k - 2 scrolls of identify {unknown}
 o - a scroll of enchant armour {unknown}
 p - a scroll of amnesia {unknown}
Potions
 d - 2 potions of might
 i - a potion of heal wounds {unknown}
 l - a potion of brilliance {unknown}
 n - a potion of flight {unknown}
Comestibles
 f - 3 rations


   Skills:
 + Level 3.3 Fighting
 * Level 2.4 Axes
 * Level 3.5 Armour
 + Level 0.2 Dodging
 * Level 3.8 Shields


You had one spell level left.
You didn't know any spells.
Your spell library was empty.

Dungeon Overview and Level Annotations

Branches:
Dungeon (2/15)

Altars:
Cheibriados
Makhleb

Annotations:
D:3 Jessica


Innate Abilities, Weirdness & Mutations

You cannot be hasted, slowed, berserked, paralysed or teleported.
You can dig through walls and to a lower floor.
Your four strong arms can wield two-handed weapons with a shield.
You have a pair of large antennae on your head. (SInv)


Message History

The orc priest calls down the wrath of Beogh upon you.
Beogh smites you!
Ouch! That really hurt!
* * * LOW HITPOINT WARNING * * *
You block the rat's attack.
Jessica casts a spell.
Jessica seems to speed up.
An adder comes into view.
You block the rat's attack.
It was a potion of berserk rage.
Your stasis prevents you from going berserk.
The adder barely misses you. The adder bites you but does no damage.
The adder bites you.
* * * LOW HITPOINT WARNING * * *
Jessica looks very angry.
The rat misses you.
An orc comes into view. It is wielding a +0 short sword.
The rat closely misses you. You block Jessica's attack.
Jessica zaps a wand.
The puff of flame hits you.
You die...

#.###. ...# .... ."#
... ..# #.######.####
#....o.(....####
#........?.....#
######S.rKoo.o.......
.......S@o.o.$.......
#######@#####.##.....
#..# #.# ....# ##.#
#.# ...# .. #.# .o#
#+# #.# ..#


You could see 2 orc priests, 2 adders, Jessica (fast), 4 orcs, a kobold and a
rat.

Vanquished Creatures
  An ooze (D:1)
  A leopard gecko (D:1)
  A giant cockroach (D:1)
  2 goblins (D:1)
  A hobgoblin (D:1)
  A ball python (D:1)
  2 bats
  A frilled lizard (D:1)
  2 rats (D:1)
12 creatures vanquished.

Notes
Turn   | Place    | Note
-------+----------+-------------------------------------------
     0 | D:1      | Fv001 the Formicid Fighter began the quest for the Orb.
     0 | D:1      | Reached XP level 1. HP: 18/18 MP: 1/1
   232 | D:1      | Found a burning altar of Makhleb.
   293 | D:1      | Reached XP level 2. HP: 24/24 MP: 2/2
   947 | D:2      | Found a snail-covered altar of Cheibriados.
   970 | D:2      | You fall into a shaft and drop 1 floor!
   970 | D:3      | Noticed Jessica
   980 | D:3      | Killed from afar by Jessica

Illustrated notes

Levels and vault maps discovered:
D:1:      dpeg_arrival_lava_altar, layout_loops_cross
D:2:      layout_basic, nicolae_overflow_crystal_walls, cheibriados_altar_1,
          chequers_mini_garden
D:3:      layout_basic, lemuel_round_altar, fedhas_altar_4, first_ration,
          chequers_ecumenical_altar_lobes, uniq_jessica

Action                   || total
-------------------------++-------
Melee: War axe           ||    39
  Use: Potion            ||     2
Armor: Scale mail        ||    12
Dodge: Dodged            ||    21
Block: Kite shield       ||    23

Table legend:
 A = Non-vault XP
 B = Vault XP
 C = Vault XP percentage of total XP
 D = Non-vault monster count
 E = Vault monster count
 F = Vault count percentage of total count
                 A         B        C        D         E       F
            +---------+---------+-------+---------+---------+-------
      Total |      25 |       0 |   0.0 |      12 |       0 |   0.0
            +---------+---------+-------+---------+---------+-------
        D:1 |      23 |       0 |   0.0 |      11 |       0 |   0.0
        D:2 |       2 |       0 |   0.0 |       1 |       0 |   0.0
            +---------+---------+-------+---------+---------+-------
